 Dungeon Crawl Stone Soup version 0.18.1-48-g4cf74bf (webtiles) character file.

56 MaCx the Chopper (level 3, -1/30 HPs)
             Began as a Hill Orc Gladiator on Aug 28, 2016.
             Slain by an orc wizard
             ... wielding a cursed +0 dagger
              (4 damage)
             ... on level 3 of the Dungeon.
             The game lasted 00:05:41 (2215 turns).

MaCx the Chopper (Hill Orc Gladiator)               Turns: 2215, Time: 00:05:42

Health: -1/30      AC:  6    Str: 20    XL:     3   Next: 95%
Magic:  3/3        EV: 11    Int:  8    God:
Gold:   110        SH:  0    Dex: 11    Spells: 0 memorised, 2 levels left

rFire  . . .     SeeInvis .     a - +0 war axe
rCold  . . .     Gourm    .     o - +0 ring mail
rNeg   . . .     Faith    +     (no shield)
rPois  .         Spirit   .     c - +0 helmet
rElec  .         Dismiss  .     (no cloak)
rCorr  .         Reflect  .     (no gloves)
SustAt .         Harm     .     (no boots)
MR     .....                    e - amulet of faith
Stlth  +.........               (no ring)
                                b - +2 ring of strength

@: slowed, very slow, not resistant to hostile enchantments, very unstealthy
A: no striking features
a: no special abilities


You were on level 3 of the Dungeon.
You were not hungry.

You visited 1 branch of the dungeon, and saw 3 of its levels.

You collected 110 gold pieces.

Inventory:

Hand Weapons
 a - a +0 war axe (weapon)
Missiles
 d - 3 throwing nets (quivered)
Armour
 c - a +0 helmet (worn)
 o - a +0 ring mail (worn)
Jewellery
 b - a +2 ring of strength (left hand)
 e - an amulet of faith (around neck)
 g - an uncursed ring of sustain attributes {unknown}
Scrolls
 k - a scroll of immolation {unknown}
 m - a scroll of enchant weapon {unknown}
 p - 2 scrolls of teleportation {unknown}
 r - a scroll of magic mapping {unknown}
Potions
 h - 2 potions of curing {unknown}
 i - 2 potions of heal wounds {unknown}
 l - 2 potions of flight {unknown}
 n - 2 potions of degeneration {unknown}
 q - a potion of cancellation {unknown}
Comestibles
 j - a beef jerky
 s - a bread ration


   Skills:
 - Level 2.5 Fighting
 + Level 5.4 Axes
 - Level 1.9 Throwing
 - Level 0.2 Armour
 - Level 2.9 Dodging


You had 2 spell levels left.
You didn't know any spells.

Dungeon Overview and Level Annotations

Branches:
Dungeon (3/15)

Altars:
Ashenzari
Cheibriados
Gozag


Message History

You are too injured to fight recklessly!
You are too injured to fight recklessly!
You slash the orc wizard!
The orc wizard is severely wounded.
You hit the orc wizard but do no damage.
The orc wizard is heavily wounded.
The orc wizard barely misses you. x2
The orc wizard gestures at you while chanting.
The magic dart hits you!
* * * LOW HITPOINT WARNING * * *
The orc wizard mumbles some strange words.
The orc wizard blinks!
The orc wizard hits you but does no damage.
You barely miss the orc wizard.
The orc wizard is severely wounded.
You closely miss the orc wizard.
The orc wizard is heavily wounded.
The orc wizard hits you but does no damage. x2
The orc wizard hits you with a dagger.
You die...

###########
..........### ###
## .....(......#
#.. . #
#########.#.#
#.#.##.#
#.#.#.##.#....#
#.#.#...o)...#
####.#.####@#
...........>o#.#.#
##.##.#.#........#
...#.#.####...#
.####..........# #
#.....#######
.........
###.....## #.....#


You could see 2 orc wizards.

Vanquished Creatures
  An adder (D:2)
  A worm (D:2)
  A dart slug (D:1)
  2 giant geckos
  An orc (D:3)
  6 bats
  A giant cockroach (D:1)
  6 goblins (D:1)
  6 hobgoblins
  A ball python (D:1)
  4 giant newts
  3 kobolds
  4 rats
37 creatures vanquished.

Notes
Turn   | Place    | Note
--------------------------------------------------------------
     0 | D:1      | MaCx the Hill Orc Gladiator began the quest for the Orb.
     0 | D:1      | Reached XP level 1. HP: 18/18 MP: 1/1
   410 | D:1      | Reached XP level 2. HP: 19/25 MP: 2/2
   856 | D:1      | Reached XP level 3. HP: 29/30 MP: 3/3
  1252 | D:2      | Reached skill level 5 in Axes
  1789 | D:2      | Found an opulent altar of Gozag.
  1791 | D:2      | Found a snail-covered altar of Cheibriados.
  1823 | D:2      | Found a shattered altar of Ashenzari.
  2215 | D:3      | Slain by an orc wizard

Skill      XL: |  1  2  3 |
---------------+----------+-----
Axes           | 5 |  5.4
Fighting       | |  2.5
Throwing       | |  1.9
Armour         | |  0.2
Dodging        | |  2.9

Action                   || total
-------------------------++-------
Melee: War axe           ||   123
  Eat: Bread ration      ||     1
Armor: Leather armour    ||    13
       Ring mail         ||    44
Dodge: Dodged            ||    87
